 Dungeon Crawl Stone Soup version 0.25-a0-591-g2ad0d861f1 (webtiles) character file.

Game seed: 13486580769847208730, levelgen mode: deterministic

156 tilp the Chopper (level 5, -6/45 HPs)
             Began as a Hill Orc Fighter on Mar 13, 2020.
             Mangled by Natasha (7 damage)
             ... on level 2 of the Dungeon.
             The game lasted 00:02:46 (1423 turns).

tilp the Chopper (Hill Orc Fighter)                 Turns: 1423, Time: 00:02:47

Health: -6/45      AC:  8    Str: 20    XL:     5   Next: 38%
Magic:  5/5        EV:  7    Int:  8    God:
Gold:   38         SH: 11    Dex: 10    Spells: 4/4 levels left

rFire    . . .     SeeInvis .   a - +0 war axe
rCold    . . .     Gourm    .   m - +2 kite shield
rNeg     . . .     Faith    .   b - +0 scale mail
rPois    .         Spirit   .   (no helmet)
rElec    .         Reflect  .   l - +0 cloak (curse)
rCorr    .         Harm     .   (no gloves)
MR       .....                  (no boots)
Stlth    ..........             (no amulet)
HPRegen  0.15/turn              (no ring)
MPRegen  0.09/turn              (no ring)

@: mighty, slowed, very slow
A: no striking features
a: no special abilities


You were on level 2 of the Dungeon.
You were not hungry.

You visited 1 branch of the dungeon, and saw 2 of its levels.

You collected 38 gold pieces.

Inventory:

Hand Weapons
 a - a +0 war axe (weapon)
Missiles
 n - 17 poisoned darts (quivered)
Armour
 b - a +0 scale mail (worn)
 l - a cursed +0 cloak (worn)
 m - a +2 kite shield (worn)
Scrolls
 c - a scroll of identify {unknown}
 k - 2 scrolls of magic mapping
 p - a scroll of enchant armour {unknown}
Potions
 d - a potion of might
 e - a potion of heal wounds {unknown}
 h - a potion of curing {unknown}
 i - a potion of ambrosia {unknown}
 j - a potion of mutation {unknown}
Comestibles
 f - 4 rations
 g - 4 chunks of flesh


   Skills:
 - Level 3.6 Fighting
 + Level 7.2 Axes
 - Level 3.2 Armour
 - Level 3.2 Shields


You had 4 spell levels left.
You didn't know any spells.
Your spell library was empty.

Dungeon Overview and Level Annotations

Branches:
Dungeon (2/15)

Altars:

Annotations:
D:2 1 runed translucent door, Crazy Yiuf, Natasha


Message History

You feel very mighty all of a sudden. Natasha claws you but does no damage.
You block the white imp's attack.
Your shield and scale mail prevent you from hitting Natasha.
Natasha is lightly wounded.
You barely miss the white imp. Natasha claws you but does no damage.
The white imp gestures at you. The puff of frost hits you.
* * * LOW HITPOINT WARNING * * *
Natasha claws you but does no damage. The white imp gestures at you.
The puff of frost misses you.
You closely miss Natasha.
Natasha is lightly wounded.
You barely miss the white imp. Natasha claws you.
* * * LOW HITPOINT WARNING * * *
The white imp gestures at you. The puff of frost hits you.
* * * LOW HITPOINT WARNING * * *
Natasha claws you!
You die...

)...♣♣ ♣♣#..)# #.#.#.# ##.....
.....♣♣♣♣.+...# #((...#####......
......♣..♣#...# ##.......##......
#.)..♣.♣♣♣ ### ##........#......
###♣♣♣♣♣ #.........#...... .#
#............)...
.################(.....#.<...÷...
.................5........#..)...
..##........####@#)....##.#......
..#..##.....####h##..............
..#.###................####......
###.# #....h###.##.....####......
#...# #.....# #####......###...[.
#.#####.....# #..............
............# #######..#.....
...#........# ##....###
#.##.......h# ####....


You could see Natasha and a white imp.

Vanquished Creatures
  Terence (D:2)
  Natasha (twice) (D:2)
  3 adders (D:2)
  2 oozes (D:1)
  A worm (D:2)
  A dart slug (D:1)
  A leopard gecko (D:2)
  A ball python (D:1)
  2 giant cockroaches
  8 goblins
  2 hobgoblins
  4 jackals (D:1)
  3 bats
  4 frilled lizards
  4 kobolds
  5 rats
44 creatures vanquished.

Notes
Turn   | Place    | Note
-------+----------+-------------------------------------------
     0 | D:1      | tilp the Hill Orc Fighter began the quest for the Orb.
     0 | D:1      | Reached XP level 1. HP: 19/19 MP: 1/1
    16 | D:1      | Reached skill level 3 in Axes
    77 | D:1      | Reached XP level 2. HP: 14/26 MP: 2/2
   106 | D:1      | Reached skill level 4 in Axes
   185 | D:1      | Reached XP level 3. HP: 25/31 MP: 3/3
   868 | D:2      | Noticed Terence
   877 | D:2      | Killed Terence
   877 | D:2      | Reached skill level 5 in Axes
   877 | D:2      | Reached XP level 4. HP: 36/39 MP: 4/4
   898 | D:2      | Found a runed translucent door.
   899 | D:2      | Noticed Crazy Yiuf
   966 | D:2      | Noticed Natasha
   978 | D:2      | Killed Natasha
   978 | D:2      | Reached skill level 6 in Axes
  1163 | D:2      | Reached XP level 5. HP: 45/45 MP: 5/5
  1375 | D:2      | Noticed Natasha
  1391 | D:2      | Killed Natasha
  1391 | D:2      | Reached skill level 7 in Axes
  1399 | D:2      | Noticed Natasha
  1423 | D:2      | HP: 1/45 [white imp/puff of frost[Natasha] (4)]
  1423 | D:2      | Mangled by Natasha

Levels and vault maps discovered:
D:1:      onia_arrival_handbag, layout_basic
D:2:      layout_rooms, kennysheep_path_1, uniq_natasha,
          uniq_crazy_yiuf_cottage, uniq_terence

Skill      XL: |  1  2  3  4  5 |
---------------+----------------+-----
Axes           | 3 4 5 6 7 |  7.2
Fighting       | |  3.6
Armour         | |  3.2
Shields        | |  3.2

Action                   |  1- 3 |  4- 6 || total
-------------------------+-------+-------++-------
Melee: War axe           |    65 |    75 ||   140
  Use: Scroll            |     1 |       ||     1
       Potion            |       |     1 ||     1
  Eat: Chunk             |       |     2 ||     2
Armor: Scale mail        |    26 |    27 ||    53
Dodge: Dodged            |    17 |    22 ||    39
Block: Kite shield       |    41 |    40 ||    81

Table legend:
 A = Non-vault XP
 B = Vault XP
 C = Vault XP percentage of total XP
 D = Non-vault monster count
 E = Vault monster count
 F = Vault count percentage of total count
                 A         B        C        D         E       F
            +---------+---------+-------+---------+---------+-------
      Total |     142 |      82 |  36.6 |      38 |       6 |  13.6
            +---------+---------+-------+---------+---------+-------
        D:1 |      38 |      11 |  22.4 |      19 |       4 |  17.4
        D:2 |     104 |      71 |  40.6 |      19 |       2 |   9.5
            +---------+---------+-------+---------+---------+-------
